 Dungeon Crawl Stone Soup version 0.16-a0-1276-g18860b1 (webtiles) character file.

72 Nicoed the Ruinous (level 4, -2/24 HPs)
             Began as a Deep Elf Conjurer on Oct 14, 2014.
             Slain by an orc
             ... wielding a +0 trident
              (3 damage)
             ... on level 3 of the Dungeon.
             The game lasted 00:10:40 (1633 turns).

Nicoed the Ruinous (Deep Elf Conjurer)              Turns: 1633, Time: 00:10:40

Health: -2/24      AC:  2    Str:  5    XL:     4   Next: 6%
Magic:  14/15      EV: 13    Int: 21    God:
Gold:   105        SH:  0    Dex: 15    Spells: 2 memorised, 6 levels left

rFire  . . .     SeeInvis .     f - +4 dagger
rCold  . . .     Clarity  .     p - +0 robe
rNeg   . . .     SustAb   .     (no shield)
rPois  .         Gourm    .     (no helmet)
rElec  .         Spirit   .     (no cloak)
rCorr  .         Warding  .     (no gloves)
rMut   .         Stasis   .     (no boots)
MR     .....                    (no amulet)
Stlth  ++........               l - ring of flight
                                e - ring of wizardry

@: not resistant to hostile enchantments, unstealthy
A: no striking features
a: Evoke Flight


You were on level 3 of the Dungeon.
You were not hungry.

You visited 1 branch of the dungeon, and saw 3 of its levels.

You collected 105 gold pieces.

Inventory:

Hand weapons
 f - a +4 dagger (weapon)
Armour
 p - a +0 robe (worn)
Jewellery
 e - a ring of wizardry (left hand)
 l - a ring of flight (right hand)
Scrolls
 b - a scroll of identify {unknown}
 h - 2 scrolls of remove curse {unknown}
 m - a scroll of fear {unknown}
 o - a scroll of blinking {unknown}
Potions
 d - 2 potions of degeneration {unknown}
 g - 2 potions of curing {unknown}
 i - a potion of mutation {unknown}
 j - a potion of invisibility {unknown}
 n - a potion of might
Books
 c - a book of Conjurations

   Spells                             Type                      Level
   *Magic Dart                        Conjuration                  1
   Searing Ray                        Conjuration                  2
   Dazzling Spray                     Conjuration/Hexes            3
   Fulminant Prism                    Conjuration/Hexes            4
   *Iskenderun's Mystic Blast         Conjuration                  4
   Iskenderun's Battlesphere          Conjuration/Charms           5
Comestibles
 k - a beef jerky


   Skills:
 * Level 2.8 Dodging
 - Level 2.4 Stealth
 * Level 4.0 Spellcasting
 * Level 5.5 Conjurations


You had 6 spell levels left.
You knew the following spells:

 Your Spells              Type           Power        Failure   Level  Hunger
a - Magic Dart            Conj           ####         1%          1    None
b - Iskenderun's Mystic   Conj           ####....     6%          4    ####...


Dungeon Overview and Level Annotations

Branches:
Dungeon (3/15)

Altars:

Annotations:
D:3 Purgy


Message History

* * * LOW HITPOINT WARNING * * *
Purgy completely misses you. Purgy claws you.
* * * LOW HITPOINT WARNING * * *
You climb downwards.
A goblin, a kobold and 3 orcs come into view.
The orc shouts! x2
The goblin shouts!
The orc closely misses you. The orc completely misses you.
Found a scroll labeled ESHIANYTWURCH.
A rat comes into view.
There is a stone staircase leading up here.
The orc hits you.
* * * LOW HITPOINT WARNING * * *
The kobold hits you.
* * * LOW HITPOINT WARNING * * *
Purgy barely misses you. Purgy claws you.
* * * LOW HITPOINT WARNING * * *
Purgy barely misses you.
The orc hits you from afar with a trident.
You die...

### ..
#########.###
............
.......o..#
.......oo..#
..g....K@?.#
..r.....T..#
..........#
..######### .


You could see Purgy, 3 orcs, a goblin, a kobold and a rat.

Vanquished Creatures
  Terence (D:2)
  A worm (D:2)
  5 giant geckos
  4 giant cockroaches (D:1)
  10 goblins
  5 hobgoblins
  4 kobolds
  A quokka (D:2)
  2 ball pythons
  6 bats
  A giant newt (D:2)
  10 rats
50 creatures vanquished.

Notes
Turn   | Place    | Note
--------------------------------------------------------------
     0 | D:1      | Nicoed, the Deep Elf Conjurer, began the quest for the Orb.
     0 | D:1      | Reached XP level 1. HP: 10/10 MP: 5/5
   117 | D:1      | Reached XP level 2. HP: 7/15 MP: 0/8
   367 | D:1      | Reached skill level 5 in Conjurations
   378 | D:1      | Reached XP level 3. HP: 19/19 MP: 2/11
   925 | D:2      | Noticed Terence
   978 | D:2      | Killed Terence
  1259 | D:2      | Reached XP level 4. HP: 24/24 MP: 12/14
  1412 | D:2      | Learned a level 4 spell: Iskenderun's Mystic Blast
  1553 | D:3      | Noticed Purgy
  1633 | D:3      | HP: 1/24 [Purgy (1)]
  1633 | D:3      | Slain by an orc

Action                   |  1- 3 |  4- 6 || total
-------------------------+-------+-------++-------
Melee: Unarmed           |     4 |       ||     4
       Dagger            |    12 |       ||    12
 Cast: Magic Dart        |    81 |     5 ||    86
       Iskenderun's Myst |       |     2 ||     2
  Eat: Bread ration      |     1 |       ||     1
